Crunch vs Rampage
Created - January 7, 2024 at 19:33
Goals
|
| Crunch |
1 |
3 |
1 |
5 |
| Rampage |
0 |
2 |
0 |
2 |
|
Shots
|
| Crunch |
2 |
9 |
13 |
24 |
| Rampage |
12 |
10 |
10 |
32 |
|
1st period
1. Crunch , Dalton Thrower 5 (Jordan Oesterle 12, Louis Domingue) at 17:23 (PP)
Penalties :
Robert Thomas (Syr) for Hooking (Minor) at 5:14, Brandon Biro (Syr) for Attempt to injure (Major / Game Misconduct) at 7:41, Joachim Blichfeld (San) for Goalie Interference (Minor) at 16:17
2nd period
2. Crunch , Brandon Hagel 16 (Robert Thomas 17, Connor Bunnaman 13) at 2:23 (PP)
3. Crunch , Brandon Hagel 17 (Robert Thomas 18, Connor Bunnaman 14) at 3:49 (PP)
4. Rampage , Dylan Sikura 6 (Jeremy Lauzon 16) at 14:42
5. Rampage , Dominik Simon 15 (Joachim Blichfeld 17, Dylan Blujus 14) at 14:58
6. Crunch , Jeremy Bracco 18 (Maxime Comtois 17, Dalton Thrower 13) at 15:14
Penalties :
Anthony Richard (San) for High sticking (Minor) at 2:02, Sami Niku (San) for Slashing (Minor) at 3:33
3rd period
7. Crunch , Maxime Comtois 10 (Jordan Oesterle 13, Jeremy Bracco 26) at 13:21
Penalties :
Dylan Blujus (San) for High sticking (Minor) at 2:53, Paul Cotter (San) for Holding (Minor) at 7:12
Goalie Stats
Louis Domingue (Syr), 30 saves from 32 shots - (0.938), W, 9-8-4, 60:00 minutes
Jake Oettinger (San), 6 saves from 10 shots - (0.600), L, 17-8-1, 35:14 minutes
Magnus Hellberg (San), 13 saves from 14 shots - (0.929), 24:46 minutes
Players Stats for Crunch
Player Name G A P +/- PIM S H SB GA TA FO MP PP MP PK MP
------------------------------------------------------------------------------------
Anatoli Golyshev 0 0 0 0 0 2 3 0 0 0 0/1 13:16 0:00 1:34
Brandon Biro 0 0 0 0 15 0 1 0 0 0 0/0 0:51 0:00 0:00
Brandon Hagel 2 0 2 -1 0 5 6 0 0 0 1/2 25:36 3:15 2:51
Cam Hillis 0 0 0 0 0 0 2 0 0 0 2/2 7:00 0:00 0:05
Connor Bunnaman 0 2 2 -1 0 1 1 1 0 0 13/26 26:30 3:15 3:02
Dalton Thrower 1 1 2 1 0 3 2 1 3 0 0/0 24:17 3:40 3:15
Gustav Lindstrom 0 0 0 -1 0 3 1 0 0 0 0/0 24:01 2:01 2:45
Jeremy Bracco 1 1 2 1 0 3 0 0 0 0 0/0 14:31 2:26 0:00
Joe Veleno 0 0 0 0 0 0 0 0 0 0 1/7 10:39 0:00 1:05
Jordan Oesterle 0 2 2 1 0 0 1 1 4 2 0/0 24:31 3:40 3:29
Liam Foudy 0 0 0 0 0 0 2 0 1 0 0/0 6:55 0:00 0:00
Liam O'Brien 0 0 0 1 0 3 2 1 0 0 10/17 17:25 2:26 2:17
Maxime Comtois 1 1 2 1 0 3 4 0 1 1 0/0 18:18 2:26 2:37
Michael Downing 0 0 0 0 0 0 1 0 0 1 0/0 11:53 0:00 1:09
Robert Thomas 0 2 2 -1 2 0 1 2 2 0 0/0 22:25 3:15 0:25
Ryan Lindgren 0 0 0 -1 0 1 0 0 0 0 0/0 24:01 2:01 2:45
Scott Perunovich 0 0 0 0 0 0 0 2 0 1 0/0 11:17 0:00 0:33
Ty Dellandrea 0 0 0 0 0 0 0 0 0 0 0/1 9:34 0:00 0:00
Players Stats for Rampage
Player Name G A P +/- PIM S H SB GA TA FO MP PP MP PK MP
------------------------------------------------------------------------------------
Anthony Richard 0 0 0 0 2 3 1 0 1 2 7/11 13:32 2:52 0:12
Artturi Lehkonen 0 0 0 1 0 1 2 0 0 0 0/0 17:24 0:59 0:57
Dominik Simon 1 0 1 -1 0 2 2 0 0 0 1/1 18:35 2:52 0:26
Dylan Blujus 0 1 1 -1 2 1 2 0 0 0 0/0 20:10 0:37 2:23
Dylan Sikura 1 0 1 1 0 2 1 0 1 0 0/1 16:54 0:20 1:21
Emil Bemstrom 0 0 0 0 0 4 2 0 0 0 1/1 7:15 0:54 0:00
Frederic Allard 0 0 0 0 0 1 4 0 0 1 0/0 11:35 0:37 0:52
Henri Jokiharju 0 0 0 0 0 0 1 2 0 3 0/0 18:50 3:05 3:32
Jeremy Lauzon 0 1 1 1 0 2 1 0 0 0 0/0 27:37 3:16 2:09
Joachim Blichfeld 0 1 1 -1 2 2 1 1 1 2 1/1 17:57 2:49 0:00
Jordan Kyrou 0 0 0 0 0 7 1 0 2 0 1/1 13:12 2:46 0:00
Matt Roy 0 0 0 -1 0 1 1 0 0 0 0/0 15:20 3:05 0:43
Paul Cotter 0 0 0 0 2 0 1 0 0 1 0/0 9:17 2:51 0:00
Pierre Engvall 0 0 0 0 0 2 1 0 0 0 0/1 13:53 0:00 3:32
Rourke Chartier 0 0 0 -1 0 3 0 0 0 1 14/27 18:03 2:52 0:00
Sami Niku 0 0 0 1 2 0 0 0 0 0 0/0 26:18 3:16 1:43
Trent Frederic 0 0 0 0 0 1 0 0 0 1 2/10 11:24 1:15 3:33
Zach Stepan 0 0 0 1 0 0 0 1 0 0 2/2 16:58 0:24 1:21
3 Stars
1 - Brandon Hagel (Syr)
2 - Maxime Comtois (Syr)
3 - Dalton Thrower (Syr)
Power Play
Crunch - 3 on 5 Attempt(s) - 60.00%
Rampage - 0 on 2 Attempt(s) - 0.00%
Penalty Kill
Crunch - 2 on 2 Attempt(s) - 100.00%
- Score 0 goal in Penalty Kill
Rampage - 2 on 5 Attempt(s) - 40.00%
- Score 0 goal in Penalty Kill
Team Stat
Crunch - Hits : 27 - Faceoff Wins : 27 - Blocked Shots : 8 - Penalty Minutes : 17
Rampage - Hits : 21 - Faceoff Wins : 29 - Blocked Shots : 4 - Penalty Minutes : 10
Official
Referees : Furman South and Dean Morton
Linesman : Kory Nagy and Ryan Daisy
Game Notes
Brandon Biro (Syr) for Attempt to injure (Major / Game Misconduct) at 7:41
Brandon Biro ejected from game at 7:41 of 1st period
Magnus Hellberg enters game at 15:14 of 2nd period
Henri Jokiharju is injured at 13:59 of 3rd period (Broken Left Thumb)
Finance
Level 1 -- Attendance: 1788 (89.40%) -- Ticket Income $125,160
Level 2 -- Attendance: 952 (95.20%) -- Ticket Income $38,080
Total Attendance: 2740 (91.33%)
Total Ticket Income: $163,240
Other Income: $8,162
Total Income: $171,402
Crunch
5 vs 5 Forward
Center Left Wing Right Wing Time % Phy DF OF
1 Connor Bunnaman Brandon Hagel Robert Thomas 40 1 2 2
2 Liam O'Brien Maxime Comtois Jeremy Bracco 30 1 2 2
3 Joe Veleno Anatoli Golyshev Ty Dellandrea 20 1 2 2
4 Cam Hillis Brandon Biro Liam Foudy 10 1 2 2
5 vs 5 Defense
Defense Defense Time % Phy DF OF
1 Dalton Thrower Jordan Oesterle 40 1 2 2
2 Ryan Lindgren Gustav Lindstrom 30 1 2 2
3 Michael Downing Scott Perunovich 20 1 2 2
4 Dalton Thrower Jordan Oesterle 10 1 2 2
PowerPlay Forward
Center Left Wing Right Wing Time % Phy DF OF
1 Connor Bunnaman Brandon Hagel Robert Thomas 60 1 2 2
2 Liam O'Brien Maxime Comtois Jeremy Bracco 40 1 2 2
PowerPlay Defense
Defense Defense Time % Phy DF OF
1 Dalton Thrower Jordan Oesterle 60 1 2 2
2 Ryan Lindgren Gustav Lindstrom 40 1 2 2
Penalty Kill 4 Players Forward
Center Wing Time % Phy DF OF
1 Connor Bunnaman Brandon Hagel 60 1 2 2
2 Liam O'Brien Maxime Comtois 40 1 2 2
Penalty Kill 4 Players Defense
Defense Defense Time % Phy DF OF
1 Dalton Thrower Jordan Oesterle 60 1 2 2
2 Ryan Lindgren Gustav Lindstrom 40 1 2 2
Penalty Kill - 3 Players Forward
Forward Time % Phy DF OF
1 Connor Bunnaman 60 1 2 2
2 Liam O'Brien 40 1 2 2
Penalty Kill - 3 Players Defense
Defense Defense Time % Phy DF OF
1 Dalton Thrower Jordan Oesterle 60 1 2 2
2 Ryan Lindgren Gustav Lindstrom 40 1 2 2
4 vs 4 Forward
Center Wing Time % Phy DF OF
1 Connor Bunnaman Brandon Hagel 60 1 2 2
2 Liam O'Brien Robert Thomas 40 1 2 2
4 vs 4 Defense
Defense Defense Time % Phy DF OF
1 Dalton Thrower Jordan Oesterle 60 1 2 2
2 Ryan Lindgren Gustav Lindstrom 40 1 2 2
Last Minutes Offensive
Center Left Wing Right Wing Defense Defense
Connor Bunnaman Brandon Hagel Robert Thomas Dalton Thrower Jordan Oesterle
Last Minutes Defensive
Center Left Wing Right Wing Defense Defense
Connor Bunnaman Brandon Hagel Jeremy Bracco Dalton Thrower Jordan Oesterle
Goaltenders
Starting : Louis Domingue
Backup : Kaapo Kahkonen
Extra Forwards
Normal : Anatoli Golyshev, Connor Bunnaman, Liam O'Brien - PP : Anatoli Golyshev, Connor Bunnaman - PK : Anatoli Golyshev
Extra Defensemen
Normal : Gustav Lindstrom, Michael Downing, Scott Perunovich - PP : Gustav Lindstrom - PK : Gustav Lindstrom, Michael Downing
Penalty Shots
Brandon Hagel, Jeremy Bracco, Robert Thomas, Maxime Comtois, Anatoli Golyshev
Custom OT Lines Forwards
Brandon Hagel, Jeremy Bracco, Robert Thomas, Maxime Comtois, Anatoli Golyshev, Connor Bunnaman, Liam O'Brien, Ty Dellandrea, Brandon Biro, Liam Foudy
Custom OT Lines Defensemen
Dalton Thrower, Jordan Oesterle, Ryan Lindgren, Gustav Lindstrom, Michael Downing
Scratches
Axel Holmstrom (Healthy), Blake Lizotte (Healthy), Sean Walker (Strained Left Elbow Injury), Tom Kuhnhackl (Healthy), Blake Hillman (Healthy)
Beck Malenstyn (Healthy), Lukas Dostal (Healthy), Josef Korenar (Healthy)
Rampage
5 vs 5 Forward
Center Left Wing Right Wing Time % Phy DF OF
1 Rourke Chartier Dominik Simon Joachim Blichfeld 40 1 2 2
2 Anthony Richard Pierre Engvall Jordan Kyrou 30 1 2 2
3 Zach Stepan Artturi Lehkonen Dylan Sikura 20 1 2 2
4 Trent Frederic Paul Cotter Emil Bemstrom 10 1 2 2
5 vs 5 Defense
Defense Defense Time % Phy DF OF
1 Jeremy Lauzon Sami Niku 40 1 2 2
2 Dylan Blujus Henri Jokiharju 30 1 2 2
3 Frederic Allard Matt Roy 20 1 2 2
4 Matt Roy Dylan Blujus 10 1 2 2
PowerPlay Forward
Center Left Wing Right Wing Time % Phy DF OF
1 Rourke Chartier Dominik Simon Jordan Kyrou 60 1 2 2
2 Anthony Richard Paul Cotter Joachim Blichfeld 40 1 2 2
PowerPlay Defense
Defense Defense Time % Phy DF OF
1 Sami Niku Jeremy Lauzon 60 1 2 2
2 Henri Jokiharju Matt Roy 40 1 2 2
Penalty Kill 4 Players Forward
Center Wing Time % Phy DF OF
1 Trent Frederic Pierre Engvall 60 1 2 2
2 Zach Stepan Dylan Sikura 40 1 2 2
Penalty Kill 4 Players Defense
Defense Defense Time % Phy DF OF
1 Henri Jokiharju Dylan Blujus 60 1 2 2
2 Sami Niku Jeremy Lauzon 40 1 2 2
Penalty Kill - 3 Players Forward
Forward Time % Phy DF OF
1 Trent Frederic 60 1 2 2
2 Pierre Engvall 40 1 2 2
Penalty Kill - 3 Players Defense
Defense Defense Time % Phy DF OF
1 Henri Jokiharju Dylan Blujus 60 1 2 2
2 Jeremy Lauzon Sami Niku 40 1 2 2
4 vs 4 Forward
Center Wing Time % Phy DF OF
1 Rourke Chartier Dominik Simon 60 1 2 2
2 Zach Stepan Pierre Engvall 40 1 2 2
4 vs 4 Defense
Defense Defense Time % Phy DF OF
1 Matt Roy Sami Niku 60 1 2 2
2 Dylan Blujus Jeremy Lauzon 40 1 2 2
Last Minutes Offensive
Center Left Wing Right Wing Defense Defense
Rourke Chartier Dominik Simon Joachim Blichfeld Jeremy Lauzon Sami Niku
Last Minutes Defensive
Center Left Wing Right Wing Defense Defense
Trent Frederic Pierre Engvall Dylan Sikura Henri Jokiharju Dylan Blujus
Goaltenders
Starting : Jake Oettinger
Backup : Magnus Hellberg
Extra Forwards
Normal : Dominik Simon, Dylan Sikura, Zach Stepan - PP : Trent Frederic, Jordan Kyrou - PK : Artturi Lehkonen
Extra Defensemen
Normal : Dylan Blujus, Sami Niku, Henri Jokiharju - PP : Matt Roy - PK : Frederic Allard, Matt Roy
Penalty Shots
Jordan Kyrou, Rourke Chartier, Anthony Richard, Joachim Blichfeld, Dylan Sikura
Custom OT Lines Forwards
Dominik Simon, Pierre Engvall, Rourke Chartier, Jordan Kyrou, Dylan Sikura, Anthony Richard, Joachim Blichfeld, Zach Stepan, Artturi Lehkonen, Paul Cotter
Custom OT Lines Defensemen
Sami Niku, Dylan Blujus, Jeremy Lauzon, Matt Roy, Henri Jokiharju
Scratches
Rasmus Kupari (Healthy), Nathan Smith (Healthy), Ethan Bear (Bruised Left Foot Injury), Calen Addison (Healthy), Warren Foegele (Healthy)
Grigori Denisenko (Healthy), Trey Fix-Wolansky (Healthy), Emil Larmi (Healthy)
% Time on Ice - Crunch
Lines # - Real PCT - Wanted PCT - Time Play
Normal Forward
1 - 40% - 40% - 18:46
2 - 26% - 30% - 12:06
3 - 20% - 20% - 9:34
4 - 15% - 10% - 6:55
Normal Defense
1 - 35% - 40% - 16:45
2 - 41% - 30% - 19:15
3 - 23% - 20% - 10:44
4 - 1% - 10% - 0:37
PP Forward
1 - 57% - 60% - 3:15
2 - 43% - 40% - 2:26
PP Defense
1 - 65% - 60% - 3:40
2 - 35% - 40% - 2:01
PK Forward
1 - 67% - 60% - 4:41
2 - 33% - 40% - 2:17
PK Defense
1 - 61% - 60% - 4:13
2 - 39% - 40% - 2:45
PK3 Forward
1 - 0% - 60%
2 - 0% - 40%
PK3 Defense
1 - 0% - 60%
2 - 0% - 40%
44 Forward
1 - 0% - 60%
2 - 0% - 40%
44 Defense
1 - 0% - 60%
2 - 0% - 40%
Last Minute Offensive - 0:00
Last Minute Defensive - 0:00
Total
Forward - 60:00
Defense - 60:00
|
% Time on Ice - Rampage
Lines # - Real PCT - Wanted PCT - Time Play
Normal Forward
1 - 33% - 40% - 15:32
2 - 22% - 30% - 10:15
3 - 32% - 20% - 15:13
4 - 13% - 10% - 6:21
Normal Defense
1 - 42% - 40% - 19:58
2 - 33% - 30% - 15:51
3 - 22% - 20% - 10:20
4 - 3% - 10% - 1:12
PP Forward
1 - 55% - 60% - 3:50
2 - 45% - 40% - 3:08
PP Defense
1 - 56% - 60% - 3:53
2 - 44% - 40% - 3:05
PK Forward
1 - 76% - 60% - 4:20
2 - 24% - 40% - 1:21
PK Defense
1 - 70% - 60% - 3:58
2 - 30% - 40% - 1:43
PK3 Forward
1 - 0% - 60%
2 - 0% - 40%
PK3 Defense
1 - 0% - 60%
2 - 0% - 40%
44 Forward
1 - 0% - 60%
2 - 0% - 40%
44 Defense
1 - 0% - 60%
2 - 0% - 40%
Last Minute Offensive - 0:00
Last Minute Defensive - 0:00
Total
Forward - 60:00
Defense - 60:00
|
Play-by-Play
1st period
0:01 of 1st period - Rourke Chartier wins face-off versus Connor Bunnaman in neutral zone.
0:12 of 1st period - Snap shot by Joachim Blichfeld.
0:12 of 1st period - Stopped by Louis Domingue with a rebound.
0:26 of 1st period - Sami Niku is hit by Jordan Oesterle and loses puck.
1:31 of 1st period - Dylan Blujus is hit by Brandon Hagel and loses puck.
2:05 of 1st period - Frederic Allard is hit by Maxime Comtois and loses puck.
2:39 of 1st period - Icing by Frederic Allard.
2:40 of 1st period - Rourke Chartier wins face-off versus Connor Bunnaman in Rampage zone.
2:51 of 1st period - Snap shot by Dominik Simon.
2:51 of 1st period - Shot Misses the Net.
3:10 of 1st period - Jordan Kyrou is hit by Dalton Thrower and loses puck.
3:29 of 1st period - Frederic Allard is hit by Brandon Biro.
3:43 of 1st period - Icing by Connor Bunnaman.
3:44 of 1st period - Connor Bunnaman wins face-off versus Anthony Richard in Crunch zone.
4:11 of 1st period - Jordan Oesterle is hit by Dylan Sikura and loses puck.
4:27 of 1st period - Icing by Anatoli Golyshev.
4:28 of 1st period - Anthony Richard wins face-off versus Ty Dellandrea in Crunch zone.
4:31 of 1st period - Snap shot by Jordan Kyrou.
4:31 of 1st period - Stopped by Louis Domingue with a rebound.
4:33 of 1st period - Wrist shot by Anthony Richard.
4:33 of 1st period - Shot Blocked by Jordan Oesterle.
4:35 of 1st period - Snap shot by Pierre Engvall.
4:35 of 1st period - Stopped by Louis Domingue with a rebound.
4:37 of 1st period - Slapshot by Dylan Blujus.
4:37 of 1st period - Stopped by Louis Domingue without a rebound.
4:38 of 1st period - Anthony Richard wins face-off versus Connor Bunnaman in Crunch zone.
4:43 of 1st period - Snap shot by Jordan Kyrou.
4:43 of 1st period - Deflect By Pierre Engvall.
4:43 of 1st period - Shot Misses the Net.
4:43 of 1st period - Puck is out of play.
4:44 of 1st period - Anthony Richard wins face-off versus Connor Bunnaman in Crunch zone.
4:47 of 1st period - Wrist shot by Jordan Kyrou.
4:47 of 1st period - Stopped by Louis Domingue with a rebound.
4:49 of 1st period - Wrist shot by Pierre Engvall.
4:49 of 1st period - Shot Blocked by Connor Bunnaman.
4:51 of 1st period - Wrist shot by Jordan Kyrou.
4:51 of 1st period - Stopped by Louis Domingue without a rebound.
4:52 of 1st period - Anthony Richard wins face-off versus Brandon Hagel in Crunch zone.
4:53 of 1st period - Wrist shot by Jordan Kyrou.
4:53 of 1st period - Shot Misses the Net.
4:55 of 1st period - Wrist shot by Anthony Richard.
4:55 of 1st period - Stopped by Louis Domingue without a rebound.
4:56 of 1st period - Trent Frederic wins face-off versus Connor Bunnaman in Crunch zone.
4:57 of 1st period - Snap shot by Emil Bemstrom.
4:57 of 1st period - Stopped by Louis Domingue with a rebound.
4:59 of 1st period - Wrist shot by Trent Frederic.
4:59 of 1st period - Shot Misses the Net.
5:14 of 1st period - Minor Penalty to Robert Thomas for Hooking.
5:15 of 1st period - Rourke Chartier wins face-off versus Connor Bunnaman in Crunch zone.
5:23 of 1st period - Jordan Oesterle is hit by Dominik Simon and loses puck.
7:14 of 1st period - Penalty to Robert Thomas is over, Robert Thomas is back on ice.
7:41 of 1st period - Major / Game Misconduct Penalty to Brandon Biro for Attempt to injure.
7:41 of 1st period - Brandon Biro is ejected from game.
7:42 of 1st period - Brandon Hagel wins face-off versus Anthony Richard in Crunch zone.
8:13 of 1st period - Slapshot by Jordan Kyrou.
8:13 of 1st period - Shot Misses the Net.
10:50 of 1st period - Ryan Lindgren is hit by Paul Cotter and loses puck.
11:42 of 1st period - Icing by Henri Jokiharju.
11:43 of 1st period - Joe Veleno wins face-off versus Dylan Sikura in Rampage zone.
12:04 of 1st period - Joachim Blichfeld is hit by Brandon Hagel and loses puck.
12:41 of 1st period - Penalty to Brandon Biro is over, Anatoli Golyshev is send on ice.
12:48 of 1st period - Scott Perunovich is hit by Artturi Lehkonen and loses puck.
12:59 of 1st period - Wrist shot by Artturi Lehkonen.
12:59 of 1st period - Shot Misses the Net.
14:13 of 1st period - Connor Bunnaman is hit by Pierre Engvall and loses puck.
14:18 of 1st period - Wrist shot by Jordan Kyrou.
14:18 of 1st period - Stopped by Louis Domingue with a rebound.
15:12 of 1st period - Jeremy Lauzon is hit by Michael Downing and loses puck.
15:34 of 1st period - Dylan Blujus is hit by Anatoli Golyshev.
15:44 of 1st period - Maxime Comtois is hit by Emil Bemstrom and loses puck.
16:01 of 1st period - Paul Cotter is hit by Liam Foudy and loses puck.
16:17 of 1st period - Minor Penalty to Joachim Blichfeld for Goalie Interference.
16:18 of 1st period - Connor Bunnaman wins face-off versus Trent Frederic in Rampage zone.
16:49 of 1st period - Wrist shot by Maxime Comtois.
16:49 of 1st period - Shot Blocked by Henri Jokiharju.
16:51 of 1st period - Wrist shot by Liam O'Brien.
16:51 of 1st period - Deflect By Maxime Comtois.
16:51 of 1st period - Stopped by Jake Oettinger without a rebound.
16:52 of 1st period - Connor Bunnaman wins face-off versus Trent Frederic in Rampage zone.
17:21 of 1st period - Wrist shot by Jordan Oesterle.
17:21 of 1st period - Shot Misses the Net.
17:23 of 1st period - Slapshot by Dalton Thrower.
17:23 of 1st period - Goal by Dalton Thrower - Crunch : 1 - Rampage : 0.
17:24 of 1st period - Rourke Chartier wins face-off versus Connor Bunnaman in neutral zone.
17:37 of 1st period - Snap shot by Joachim Blichfeld.
17:37 of 1st period - Shot Misses the Net.
17:48 of 1st period - Icing by Jordan Oesterle.
17:49 of 1st period - Liam O'Brien wins face-off versus Anthony Richard in Crunch zone.
17:49 of 1st period - Liam O'Brien is hit by Jordan Kyrou.
18:01 of 1st period - Slapshot by Pierre Engvall.
18:01 of 1st period - Stopped by Louis Domingue without a rebound.
18:02 of 1st period - Rourke Chartier wins face-off versus Connor Bunnaman in Crunch zone.
18:03 of 1st period - Snap shot by Joachim Blichfeld.
18:03 of 1st period - Shot Misses the Net.
18:05 of 1st period - Slapshot by Jeremy Lauzon.
18:05 of 1st period - Stopped by Louis Domingue with a rebound.
18:15 of 1st period - Wrist shot by Joachim Blichfeld.
18:15 of 1st period - Shot Blocked by Robert Thomas.
19:18 of 1st period - Snap shot by Emil Bemstrom.
19:18 of 1st period - Stopped by Louis Domingue with a rebound.
19:20 of 1st period - Slapshot by Paul Cotter.
19:20 of 1st period - Shot Misses the Net.
19:37 of 1st period - Wrist shot by Dominik Simon.
19:37 of 1st period - Shot Blocked by Liam O'Brien.
Goals for this period are 1 for Crunch vs 0 for Rampage.
Shots for this period are 2 for Crunch vs 12 for Rampage.
2nd period
0:01 of 2nd period - Dominik Simon wins face-off versus Connor Bunnaman in neutral zone.
0:08 of 2nd period - Slapshot by Rourke Chartier.
0:08 of 2nd period - Stopped by Louis Domingue without a rebound.
0:09 of 2nd period - Connor Bunnaman wins face-off versus Rourke Chartier in Crunch zone.
0:16 of 2nd period - Backhand shot by Brandon Hagel.
0:16 of 2nd period - Shot Blocked by Joachim Blichfeld.
0:26 of 2nd period - Wrist shot by Joachim Blichfeld.
0:26 of 2nd period - Stopped by Louis Domingue with a rebound.
0:34 of 2nd period - Wrist shot by Rourke Chartier.
0:34 of 2nd period - Shot Misses the Net.
0:36 of 2nd period - Wrist shot by Jeremy Lauzon.
0:36 of 2nd period - Stopped by Louis Domingue without a rebound.
0:37 of 2nd period - Anthony Richard wins face-off versus Liam O'Brien in Crunch zone.
1:10 of 2nd period - Slapshot by Anatoli Golyshev.
1:10 of 2nd period - Shot Misses the Net.
1:12 of 2nd period - Snap shot by Joe Veleno.
1:12 of 2nd period - Shot Blocked by Zach Stepan.
1:14 of 2nd period - Slapshot by Ryan Lindgren.
1:14 of 2nd period - Stopped by Jake Oettinger without a rebound.
1:15 of 2nd period - Rourke Chartier wins face-off versus Connor Bunnaman in Rampage zone.
1:22 of 2nd period - Jeremy Lauzon is hit by Robert Thomas and loses puck.
1:51 of 2nd period - Wrist shot by Anthony Richard.
1:51 of 2nd period - Stopped by Louis Domingue without a rebound.
1:52 of 2nd period - Jordan Kyrou wins face-off versus Connor Bunnaman in Crunch zone.
1:53 of 2nd period - Snap shot by Anthony Richard.
1:53 of 2nd period - Shot Misses the Net.
2:02 of 2nd period - Minor Penalty to Anthony Richard for High sticking.
2:03 of 2nd period - Connor Bunnaman wins face-off versus Trent Frederic in Rampage zone.
2:09 of 2nd period - Snap shot by Robert Thomas.
2:09 of 2nd period - Shot Hit the Post.
2:13 of 2nd period - Snap shot by Brandon Hagel.
2:13 of 2nd period - Stopped by Jake Oettinger without a rebound.
2:14 of 2nd period - Connor Bunnaman wins face-off versus Trent Frederic in Rampage zone.
2:23 of 2nd period - Snap shot by Brandon Hagel.
2:23 of 2nd period - Goal by Brandon Hagel - Crunch : 2 - Rampage : 0.
2:24 of 2nd period - Connor Bunnaman wins face-off versus Rourke Chartier in neutral zone.
2:29 of 2nd period - Sami Niku is hit by Brandon Hagel.
2:51 of 2nd period - Sami Niku is hit by Liam O'Brien and loses puck.
2:58 of 2nd period - Snap shot by Jeremy Bracco.
2:58 of 2nd period - Shot Misses the Net.
3:00 of 2nd period - Slapshot by Liam O'Brien.
3:00 of 2nd period - Shot Misses the Net.
3:02 of 2nd period - Slapshot by Gustav Lindstrom.
3:02 of 2nd period - Stopped by Jake Oettinger without a rebound.
3:03 of 2nd period - Connor Bunnaman wins face-off versus Rourke Chartier in Rampage zone.
3:22 of 2nd period - Gustav Lindstrom is hit by Dominik Simon and loses puck.
3:26 of 2nd period - Icing by Robert Thomas.
3:27 of 2nd period - Anthony Richard wins face-off versus Connor Bunnaman in Crunch zone.
3:33 of 2nd period - Minor Penalty to Sami Niku for Slashing.
3:34 of 2nd period - Connor Bunnaman wins face-off versus Pierre Engvall in Rampage zone.
3:49 of 2nd period - Snap shot by Brandon Hagel.
3:49 of 2nd period - Goal by Brandon Hagel - Crunch : 3 - Rampage : 0.
3:50 of 2nd period - Connor Bunnaman wins face-off versus Rourke Chartier in neutral zone.
4:01 of 2nd period - Snap shot by Brandon Hagel.
4:01 of 2nd period - Stopped by Jake Oettinger with a rebound.
4:22 of 2nd period - Wrist shot by Pierre Engvall.
4:22 of 2nd period - Shot Misses the Net.
4:28 of 2nd period - Henri Jokiharju is hit by Liam O'Brien and loses puck.
4:36 of 2nd period - Icing by Pierre Engvall.
4:37 of 2nd period - Anthony Richard wins face-off versus Joe Veleno in Rampage zone.
4:42 of 2nd period - Gustav Lindstrom is hit by Joachim Blichfeld and loses puck.
5:19 of 2nd period - Zach Stepan is hit by Brandon Hagel and loses puck.
6:16 of 2nd period - Snap shot by Zach Stepan.
6:16 of 2nd period - Shot Blocked by Robert Thomas.
6:30 of 2nd period - Snap shot by Robert Thomas.
6:30 of 2nd period - Shot Misses the Net.
7:36 of 2nd period - Snap shot by Gustav Lindstrom.
7:36 of 2nd period - Stopped by Jake Oettinger with a rebound.
8:12 of 2nd period - Brandon Hagel is hit by Artturi Lehkonen.
10:26 of 2nd period - Artturi Lehkonen is hit by Brandon Hagel and loses puck.
11:41 of 2nd period - Wrist shot by Brandon Hagel.
11:41 of 2nd period - Shot Misses the Net.
13:13 of 2nd period - Wrist shot by Connor Bunnaman.
13:13 of 2nd period - Shot Misses the Net.
13:23 of 2nd period - Snap shot by Artturi Lehkonen.
13:23 of 2nd period - Shot Misses the Net.
13:37 of 2nd period - Wrist shot by Dylan Sikura.
13:37 of 2nd period - Shot Misses the Net.
13:59 of 2nd period - Wrist shot by Brandon Hagel.
13:59 of 2nd period - Shot Misses the Net.
14:42 of 2nd period - Snap shot by Dylan Sikura.
14:42 of 2nd period - Deflect By Gustav Lindstrom.
14:42 of 2nd period - Goal by Dylan Sikura - Crunch : 3 - Rampage : 1.
14:43 of 2nd period - Liam O'Brien wins face-off versus Rourke Chartier in neutral zone.
14:58 of 2nd period - Snap shot by Dominik Simon.
14:58 of 2nd period - Goal by Dominik Simon - Crunch : 3 - Rampage : 2.
14:59 of 2nd period - Rourke Chartier wins face-off versus Liam O'Brien in neutral zone.
15:14 of 2nd period - Wrist shot by Jeremy Bracco.
15:14 of 2nd period - Goal by Jeremy Bracco - Crunch : 4 - Rampage : 2.
15:14 of 2nd period - Magnus Hellberg enters game.
15:15 of 2nd period - Liam O'Brien wins face-off versus Rourke Chartier in neutral zone.
15:22 of 2nd period - Slapshot by Maxime Comtois.
15:22 of 2nd period - Shot Misses the Net.
15:26 of 2nd period - Wrist shot by Jeremy Bracco.
15:26 of 2nd period - Stopped by Magnus Hellberg with a rebound.
15:28 of 2nd period - Snap shot by Jordan Oesterle.
15:28 of 2nd period - Shot Misses the Net.
15:30 of 2nd period - Slapshot by Liam O'Brien.
15:30 of 2nd period - Shot Misses the Net.
16:05 of 2nd period - Slapshot by Emil Bemstrom.
16:05 of 2nd period - Shot Misses the Net.
16:07 of 2nd period - Slapshot by Frederic Allard.
16:07 of 2nd period - Stopped by Louis Domingue with a rebound.
16:09 of 2nd period - Wrist shot by Emil Bemstrom.
16:09 of 2nd period - Stopped by Louis Domingue without a rebound.
16:10 of 2nd period - Emil Bemstrom wins face-off versus Liam O'Brien in Crunch zone.
16:59 of 2nd period - Snap shot by Joachim Blichfeld.
16:59 of 2nd period - Shot Misses the Net.
17:01 of 2nd period - Snap shot by Joachim Blichfeld.
17:01 of 2nd period - Shot Blocked by Scott Perunovich.
17:40 of 2nd period - Icing by Jordan Oesterle.
17:41 of 2nd period - Cam Hillis wins face-off versus Trent Frederic in Crunch zone.
17:41 of 2nd period - Cam Hillis is hit by Emil Bemstrom.
17:55 of 2nd period - Henri Jokiharju is hit by Dalton Thrower and loses puck.
18:28 of 2nd period - Snap shot by Jordan Kyrou.
18:28 of 2nd period - Shot Misses the Net.
18:30 of 2nd period - Wrist shot by Jordan Kyrou.
18:30 of 2nd period - Stopped by Louis Domingue without a rebound.
18:31 of 2nd period - Joachim Blichfeld wins face-off versus Joe Veleno in Crunch zone.
18:57 of 2nd period - Frederic Allard is hit by Maxime Comtois and loses puck.
19:06 of 2nd period - Jordan Kyrou is hit by Maxime Comtois and loses puck.
19:31 of 2nd period - Cam Hillis is hit by Anthony Richard and loses puck.
19:44 of 2nd period - Dalton Thrower is hit by Frederic Allard.
19:45 of 2nd period - Icing by Dalton Thrower.
19:46 of 2nd period - Rourke Chartier wins face-off versus Joe Veleno in Crunch zone.
19:47 of 2nd period - Wrist shot by Dominik Simon.
19:47 of 2nd period - Deflect By Rourke Chartier.
19:47 of 2nd period - Shot Misses the Net.
19:47 of 2nd period - Puck is out of play.
19:48 of 2nd period - Rourke Chartier wins face-off versus Joe Veleno in Crunch zone.
19:53 of 2nd period - Snap shot by Rourke Chartier.
19:53 of 2nd period - Stopped by Louis Domingue with a rebound.
Goals for this period are 3 for Crunch vs 2 for Rampage.
Shots for this period are 9 for Crunch vs 10 for Rampage.
3rd period
0:01 of 3rd period - Rourke Chartier wins face-off versus Liam O'Brien in neutral zone.
0:10 of 3rd period - Snap shot by Jeremy Bracco.
0:10 of 3rd period - Shot Misses the Net.
0:56 of 3rd period - Michael Downing is hit by Frederic Allard and loses puck.
1:01 of 3rd period - Snap shot by Jordan Kyrou.
1:01 of 3rd period - Stopped by Louis Domingue with a rebound.
1:11 of 3rd period - Dominik Simon is hit by Cam Hillis and loses puck.
1:55 of 3rd period - Wrist shot by Emil Bemstrom.
1:55 of 3rd period - Shot Blocked by Dalton Thrower.
1:57 of 3rd period - Wrist shot by Emil Bemstrom.
1:57 of 3rd period - Stopped by Louis Domingue without a rebound.
1:58 of 3rd period - Liam O'Brien wins face-off versus Rourke Chartier in Crunch zone.
2:23 of 3rd period - Jeremy Lauzon is hit by Connor Bunnaman and loses puck.
2:28 of 3rd period - Snap shot by Brandon Hagel.
2:28 of 3rd period - Shot Misses the Net.
2:30 of 3rd period - Snap shot by Brandon Hagel.
2:30 of 3rd period - Stopped by Magnus Hellberg with a rebound.
2:32 of 3rd period - Slapshot by Connor Bunnaman.
2:32 of 3rd period - Stopped by Magnus Hellberg without a rebound.
2:33 of 3rd period - Rourke Chartier wins face-off versus Liam O'Brien in Rampage zone.
2:33 of 3rd period - Rourke Chartier is hit by Maxime Comtois.
2:47 of 3rd period - Snap shot by Jeremy Bracco.
2:47 of 3rd period - Stopped by Magnus Hellberg with a rebound.
2:53 of 3rd period - Minor Penalty to Dylan Blujus for High sticking.
2:54 of 3rd period - Trent Frederic wins face-off versus Connor Bunnaman in Rampage zone.
2:54 of 3rd period - Trent Frederic is hit by Brandon Hagel.
3:44 of 3rd period - Trent Frederic is hit by Gustav Lindstrom and loses puck.
4:15 of 3rd period - Liam O'Brien is hit by Henri Jokiharju and loses puck.
4:53 of 3rd period - Penalty to Dylan Blujus is over, Dylan Blujus is back on ice.
5:11 of 3rd period - Slapshot by Gustav Lindstrom.
5:11 of 3rd period - Stopped by Magnus Hellberg without a rebound.
5:12 of 3rd period - Zach Stepan wins face-off versus Joe Veleno in Rampage zone.
5:25 of 3rd period - Wrist shot by Dylan Sikura.
5:25 of 3rd period - Shot Misses the Net.
5:39 of 3rd period - Pierre Engvall is hit by Cam Hillis and loses puck.
6:11 of 3rd period - Slapshot by Anatoli Golyshev.
6:11 of 3rd period - Stopped by Magnus Hellberg with a rebound.
6:25 of 3rd period - Scott Perunovich is hit by Dylan Blujus and loses puck.
7:12 of 3rd period - Minor Penalty to Paul Cotter for Holding.
7:13 of 3rd period - Connor Bunnaman wins face-off versus Trent Frederic in Rampage zone.
9:12 of 3rd period - Penalty to Paul Cotter is over, Paul Cotter is back on ice.
9:23 of 3rd period - Gustav Lindstrom is hit by Matt Roy and loses puck.
9:28 of 3rd period - Wrist shot by Dominik Simon.
9:28 of 3rd period - Stopped by Louis Domingue with a rebound.
9:30 of 3rd period - Slapshot by Matt Roy.
9:30 of 3rd period - Stopped by Louis Domingue with a rebound.
9:32 of 3rd period - Wrist shot by Rourke Chartier.
9:32 of 3rd period - Shot Hit the Post.
10:50 of 3rd period - Slapshot by Artturi Lehkonen.
10:50 of 3rd period - Shot Misses the Net.
11:05 of 3rd period - Icing by Anthony Richard.
11:06 of 3rd period - Cam Hillis wins face-off versus Trent Frederic in Rampage zone.
12:03 of 3rd period - Snap shot by Emil Bemstrom.
12:03 of 3rd period - Shot Blocked by Scott Perunovich.
12:21 of 3rd period - Snap shot by Artturi Lehkonen.
12:21 of 3rd period - Shot Misses the Net.
12:23 of 3rd period - Slapshot by Artturi Lehkonen.
12:23 of 3rd period - Shot Misses the Net.
12:25 of 3rd period - Wrist shot by Artturi Lehkonen.
12:25 of 3rd period - Stopped by Louis Domingue without a rebound.
12:26 of 3rd period - Rourke Chartier wins face-off versus Anatoli Golyshev in Crunch zone.
12:47 of 3rd period - Rourke Chartier is hit by Liam Foudy.
12:56 of 3rd period - Icing by Dominik Simon.
12:57 of 3rd period - Liam O'Brien wins face-off versus Rourke Chartier in Rampage zone.
13:00 of 3rd period - Snap shot by Maxime Comtois.
13:00 of 3rd period - Shot Misses the Net.
13:03 of 3rd period - Icing by Matt Roy.
13:04 of 3rd period - Liam O'Brien wins face-off versus Rourke Chartier in Rampage zone.
13:07 of 3rd period - Slapshot by Maxime Comtois.
13:07 of 3rd period - Deflect By Jeremy Bracco.
13:07 of 3rd period - Shot Misses the Net.
13:07 of 3rd period - Puck is out of play.
13:08 of 3rd period - Liam O'Brien wins face-off versus Rourke Chartier in Rampage zone.
13:17 of 3rd period - Wrist shot by Maxime Comtois.
13:17 of 3rd period - Stopped by Magnus Hellberg with a rebound.
13:21 of 3rd period - Wrist shot by Maxime Comtois.
13:21 of 3rd period - Goal by Maxime Comtois - Crunch : 5 - Rampage : 2.
13:22 of 3rd period - Rourke Chartier wins face-off versus Liam O'Brien in neutral zone.
13:59 of 3rd period - Slapshot by Jeremy Bracco.
13:59 of 3rd period - Shot Blocked by Henri Jokiharju.
13:59 of 3rd period - Henri Jokiharju from Rampage is injured at 13:59 of 3rd period (Broken Left Thumb).
14:00 of 3rd period - Liam O'Brien wins face-off versus Rourke Chartier in Rampage zone.
14:01 of 3rd period - Wrist shot by Jeremy Bracco.
14:01 of 3rd period - Shot Misses the Net.
14:03 of 3rd period - Snap shot by Liam O'Brien.
14:03 of 3rd period - Stopped by Magnus Hellberg with a rebound.
14:05 of 3rd period - Wrist shot by Liam O'Brien.
14:05 of 3rd period - Stopped by Magnus Hellberg with a rebound.
14:07 of 3rd period - Snap shot by Dalton Thrower.
14:07 of 3rd period - Stopped by Magnus Hellberg with a rebound.
14:09 of 3rd period - Snap shot by Liam O'Brien.
14:09 of 3rd period - Shot Misses the Net.
14:11 of 3rd period - Snap shot by Liam O'Brien.
14:11 of 3rd period - Stopped by Magnus Hellberg without a rebound.
14:12 of 3rd period - Rourke Chartier wins face-off versus Liam O'Brien in Rampage zone.
14:23 of 3rd period - Snap shot by Rourke Chartier.
14:23 of 3rd period - Stopped by Louis Domingue with a rebound.
14:28 of 3rd period - Off-side.
14:29 of 3rd period - Connor Bunnaman wins face-off versus Anthony Richard in neutral zone.
14:45 of 3rd period - Snap shot by Dalton Thrower.
14:45 of 3rd period - Stopped by Magnus Hellberg with a rebound.
15:10 of 3rd period - Joachim Blichfeld is hit by Anatoli Golyshev and loses puck.
16:03 of 3rd period - Snap shot by Anthony Richard.
16:03 of 3rd period - Stopped by Louis Domingue without a rebound.
16:04 of 3rd period - Connor Bunnaman wins face-off versus Trent Frederic in Crunch zone.
16:15 of 3rd period - Snap shot by Trent Frederic.
16:15 of 3rd period - Stopped by Louis Domingue with a rebound.
16:29 of 3rd period - Maxime Comtois is hit by Frederic Allard and loses puck.
16:54 of 3rd period - Snap shot by Anatoli Golyshev.
16:54 of 3rd period - Stopped by Magnus Hellberg without a rebound.
16:55 of 3rd period - Zach Stepan wins face-off versus Joe Veleno in Rampage zone.
18:19 of 3rd period - Liam O'Brien is hit by Jeremy Lauzon.
18:23 of 3rd period - Liam O'Brien is hit by Dylan Blujus and loses puck.
18:54 of 3rd period - Dominik Simon is hit by Anatoli Golyshev and loses puck.
19:18 of 3rd period - Slapshot by Jordan Kyrou.
19:18 of 3rd period - Stopped by Louis Domingue with a rebound.
19:40 of 3rd period - Jeremy Bracco is hit by Frederic Allard.
19:46 of 3rd period - Wrist shot by Dylan Sikura.
19:46 of 3rd period - Stopped by Louis Domingue without a rebound.
19:47 of 3rd period - Liam O'Brien wins face-off versus Rourke Chartier in Crunch zone.
19:54 of 3rd period - Snap shot by Joachim Blichfeld.
19:54 of 3rd period - Deflect By Rourke Chartier.
19:54 of 3rd period - Shot Misses the Net.
19:54 of 3rd period - Puck is out of play.
19:55 of 3rd period - Liam O'Brien wins face-off versus Rourke Chartier in Crunch zone.
Goals for this period are 1 for Crunch vs 0 for Rampage.
Shots for this period are 13 for Crunch vs 10 for Rampage.